 Dungeon Crawl Stone Soup version 0.16.2-12-gd0ad4c3 (webtiles) character file.

102 Peloso the Shield-Bearer (level 4, -14/40 HPs)
             Began as a Minotaur Fighter on Oct 12, 2015.
             Demolished by Crazy Yiuf
             ... wielding a +4 quarterstaff of chaos
              (17 damage)
             ... on level 2 of the Dungeon.
             The game lasted 00:04:58 (1195 turns).

Peloso the Shield-Bearer (Minotaur Fighter)         Turns: 1195, Time: 00:04:58

Health: -14/40     AC:  8    Str: 21    XL:     4   Next: 49%
Magic:  2/2        EV:  8    Int:  5    God:
Gold:   58         SH:  9    Dex: 10    Spells: 0 memorised, 3 levels left

rFire  . . .     SeeInvis .     a - +0 long sword
rCold  . . .     Clarity  .     b - +0 scale mail
rNeg   . . .     SustAb   .     c - +0 shield
rPois  .         Gourm    .     (helmet restricted)
rElec  .         Spirit   .     v - +0 cloak
rCorr  .         Warding  .     (no gloves)
rMut   .         Stasis   .     (no boots)
MR     .....                    (no amulet)
Stlth  ..........               (no ring)
                                n - ring of wizardry

@: not resistant to hostile enchantments, extremely unstealthy
A: retaliatory headbutt, horns 2
a: no special abilities


You were on level 2 of the Dungeon.
You were very hungry.

You visited 1 branch of the dungeon, and saw 2 of its levels.

You collected 58 gold pieces.

Inventory:

Hand weapons
 a - a +0 long sword (weapon)
 i - a +2 vampiric whip
Armour
 b - a +0 scale mail (worn)
 c - a +0 shield (worn)
 v - a +0 cloak (worn)
Jewellery
 n - a ring of wizardry (left hand)
Magical devices
 o - a wand of heal wounds (4)
Scrolls
 g - a scroll of remove curse {unknown}
 h - 2 scrolls of noise {unknown}
 k - a scroll of immolation {unknown}
 l - 2 scrolls of identify {unknown}
 m - a scroll of magic mapping {unknown}
 p - a scroll of teleportation {unknown}
 s - a scroll of blinking {unknown}
Potions
 e - a potion of might
 j - a potion of invisibility {unknown}
 q - a potion of heal wounds {unknown}
 r - a potion of curing {unknown}
 u - 2 potions of agility {unknown}
Comestibles
 d - 2 bread rations
 f - a beef jerky
 t - 6 chunks of flesh


   Skills:
 + Level 4.3 Fighting
 + Level 3.2 Long Blades
 + Level 4.2 Armour
 + Level 1.6 Dodging
 + Level 4.5 Shields


You had 3 spell levels left.
You didn't know any spells.

Dungeon Overview and Level Annotations

Branches:
Dungeon (2/15)

Altars:

Annotations:
D:2 Crazy Yiuf


Innate Abilities, Weirdness & Mutations

You reflexively headbutt those who attack you in melee.
You have a pair of horns on your head.


Message History

Crazy Yiuf is lightly wounded.
Crazy Yiuf hits you with a quarterstaff of chaos.
Crazy Yiuf freezes you.
You barely miss Crazy Yiuf.
Crazy Yiuf is lightly wounded.
Crazy Yiuf laughs, "Tosser sing horse!"
Crazy Yiuf barely misses you. You furiously retaliate!
You headbutt Crazy Yiuf, but do no damage.
You closely miss Crazy Yiuf.
Crazy Yiuf is lightly wounded.
You block Crazy Yiuf's attack.
You barely miss Crazy Yiuf. Your headbutt misses Crazy Yiuf.
Crazy Yiuf is lightly wounded.
Crazy Yiuf hits you with a quarterstaff of chaos.
Space warps horribly around you!
* * * LOW HITPOINT WARNING * * *
Crazy Yiuf hits you with a quarterstaff of chaos.
* * * LOW HITPOINT WARNING * * *
You are electrocuted!
You die...

#†........# .)#
######...## ..#
##.....# ..
##......# .#
#####.......# ♣♣g♣
#...........# ♣.♣
#.###.#.....# ♣♣.♣
#.# #.##..>## ♣g♣♣
#.###.###.## ♣♣@♣♣
#.....# ### ♣...♣♣
###.#.####### ♣....♣
.)..........# #....#
...........####....#
##########.# #.....#
#.# #....## #.#
#.#### #.# #.#


You could see Crazy Yiuf.

Vanquished Creatures
  Jessica (D:2)
  5 adders (D:2)
  A worm (D:2)
  A ball python (D:1)
  A giant cockroach (D:2)
  6 hobgoblins
  7 bats
  A giant newt (D:2)
  2 goblins (D:1)
  6 kobolds
  7 rats
38 creatures vanquished.

Notes
Turn   | Place    | Note
--------------------------------------------------------------
     0 | D:1      | Peloso, the Minotaur Fighter, began the quest for the Orb.
     0 | D:1      | Reached XP level 1. HP: 19/19 MP: 1/1
   115 | D:1      | Reached skill level 4 in Shields
   158 | D:1      | Reached XP level 2. HP: 25/27 MP: 1/1
   791 | D:2      | Reached XP level 3. HP: 24/33 MP: 2/2
   857 | D:2      | Reached skill level 1 in Dodging
   981 | D:2      | Noticed Jessica
   995 | D:2      | Killed Jessica
   995 | D:2      | Reached XP level 4. HP: 37/40 MP: 2/2
  1185 | D:2      | Noticed Crazy Yiuf
  1195 | D:2      | Demolished by Crazy Yiuf

Action                   |  1- 3 |  4- 6 || total
-------------------------+-------+-------++-------
Melee: Long sword        |    83 |    25 ||   108
